 Dungeon Crawl Stone Soup version 0.29-a0-925-g0a7a3d12f8 (webtiles) character file.

Game seed: 2866153799606872554

2083 Elmgren the Chopper (level 9, -2/80 HPs)
             Began as a Hill Orc Fighter on July 28, 2022.
             Was a Believer of Okawaru.
             Slain by a troll (9 damage)
             ... on level 6 of the Dungeon on July 29, 2022.
             The game lasted 00:28:12 (14004 turns).

Elmgren the Chopper (Hill Orc Fighter)             Turns: 14004, Time: 00:28:13

Health: -2/80      AC: 12    Str: 23    XL:     9   Next: 27%
Magic:  7/9        EV: 12    Int:  8    God:    Okawaru [**....]
Gold:   226        SH:  0    Dex: 10    Spells: 8/8 levels left

rFire   . . .      SeeInvis .   x - +1 battleaxe
rCold   . . .      Faith    .   (shield currently unavailable)
rNeg    + . .      Spirit   .   f - +1 ring mail of Koabunt {Fly rN+}
rPois   .          Reflect  .   (no helmet)
rElec   .          Harm     .   (no cloak)
rCorr   .          Rampage  .   (no gloves)
Will    .....                   (no boots)
Stlth   ++........              (no amulet)
HPRegen 0.23/turn               k - +4 ring of protection
MPRegen 0.11/turn               (no ring)

@: heroic, flying
A: no striking features
a: Renounce Religion, Heroism


You were on level 6 of the Dungeon.
You worshipped Okawaru.
Okawaru was pleased with you.
You visited 2 branches of the dungeon, and saw 8 of its levels.

You collected 226 gold pieces.

Inventory:

Hand Weapons
 x - a +1 battleaxe (weapon)
 y - a +2 whip of venom
Missiles
 b - 5 poisoned darts (quivered)
 l - a throwing net
Armour
 f - the +1 ring mail of Koabunt (worn) {Fly rN+}
   (You found it on level 2 of the Dungeon)

   rN:        It protects you from negative energy.
   Fly:       It grants you flight.
Jewellery
 k - a +4 ring of protection (left hand)
 n - a ring of willpower
 q - a +6 ring of dexterity
Wands
 t - a wand of roots (2)
Scrolls
 a - a scroll of teleportation
 j - 5 scrolls of identify
Potions
 d - a potion of might
 e - 2 potions of curing
 h - a potion of mutation {unknown}
 i - a potion of heal wounds
 m - a potion of ambrosia {unknown}
 o - a potion of berserk rage {unknown}
 p - a potion of lignification {unknown}
 r - 2 potions of flight {unknown}
 s - a potion of haste {unknown}
 u - 2 potions of brilliance {unknown}
 v - a potion of invisibility {unknown}


   Skills:
 + Level 7.7(12.7) Fighting
 + Level 7.9(12.9) Axes
 + Level 7.0(12.0) Armour
 + Level 7.0(12.0) Shields
 + Level 3.2 Evocations


You had 8 spell levels left.
You didn't know any spells.
Your spell library contained the following spells:

 Spells                   Type           Power      Damage    Failure   Level
 Blink                    Tloc           0%         N/A       67%         2
 Ensorcelled Hibernation  Hex/Ice        0%         N/A       67%         2
 Passwall                 Tmut/Erth      0%         N/A       67%         2
 Lesser Beckoning         Tloc           0%         N/A       88%         3
 Swiftness                Air            0%         N/A       88%         3
 Blade Hands              Tmut           0%         N/A       100%        5
 Irradiate                Conj/Tmut      0%         3d11      100%        5
 Manifold Assault         Tloc           0%         N/A       100%        5
 Dragon Form              Tmut           0%         N/A       100%        7


Dungeon Overview and Level Annotations

Branches:
Dungeon (7/15)             Temple (1/1) D:4

Altars:
Ashenzari
Cheibriados
Dithmenos
Elyvilon
Fedhas
Gozag
Hepliaklqana
Kikubaaqudgha
Makhleb
Nemelex Xobeh
Okawaru
Qazlal
Ru
Sif Muna
Uskayaw
Vehumet
Wu Jian
Xom
Yredelemnul
Zin


Message History

The troll bites you but does no damage. The troll barely misses you.
The troll claws you but does no damage. The boulder beetle bites you!
The hound bites you.
The howler monkey hoots and howls with incredible vigour!
The boulder beetle bites you. The troll closely misses you.
The troll claws you. The troll claws you!
You hear a horrible gurgling sound!
You hear a shout! x2; You hear a roar!
There is a stone staircase leading up, spattered with blood here.
The hound bites you but does no damage.
The orc hits you from afar with a +0 spear.
The howler monkey completely misses you.
The hound closely misses you.
The boulder beetle waves its antennae.
The boulder beetle leaps!
The troll closely misses you. x2
The troll claws you but does no damage.
You fly upwards.
There is a stone staircase leading down, spattered with blood here.
You gain the combat prowess of a mighty hero.
The howler monkey hits you. The hound bites you but does no damage.
The troll bites you. The troll misses you. The troll claws you!
You closely miss the troll. You barely miss the howler monkey.
You miss the hound. The hound bites you but does no damage.
The howler monkey hoots and howls with incredible vigour!
The troll closely misses you. The troll claws you!
* * * LOW HITPOINT WARNING * * *
The troll claws you!
* * * LOW HITPOINT WARNING * * *
The hound bites you.
* * * LOW HITPOINT WARNING * * *
The howler monkey barely misses you.
You closely miss the troll. You closely miss the howler monkey.
You hit the hound. The hound barely misses you.
The howler monkey hits you but does no damage.
The troll closely misses you. x3
You slash the troll!
The troll is lightly wounded.
You slash the howler monkey! You barely miss the hound.
The hound barely misses you. The howler monkey closely misses you.
The hound bites you but does no damage. The troll bites you!
You die...

##.......### #...
#..........####..
###.........#....
###.#.##.......
#............
####.........[..
##...............
###...........#####
#.@T.........######
#hh.........####.#.
##...........##^...
##.....##....'.^._
#######......).##^.^^
#...#.#....[...###^#.
#......#.......######
#...............#####
##....#..............


You could see a troll, a howler monkey (catching breath) and a hound.

Vanquished Creatures
  2 wyverns
  A vampire mosquito (D:6)
  2 water moccasins
  Menkaure (D:5)
  2 orc warriors
  An ogre (D:3)
  A kobold brigand (D:6)
  A bullfrog (D:6)
  2 scorpions (D:4)
  A howler monkey (D:5)
  2 jellies
  A hound (D:5)
  2 gnoll boudas (D:6)
  2 orc priests
  Terence (D:2)
  3 iguanas
  6 orc wizards
  11 adders
  7 gnolls
  A shadow imp (D:5)
  An ufetubus (D:5)
  4 worms
  3 dart slugs
  5 orcs
  7 ball pythons
  13 endoplasms
  5 giant cockroaches
  7 goblins
  4 hobgoblins
  8 jackals
  5 quokkas
  3 bats (D:1)
  4 frilled lizards
  14 kobolds
  8 rats
  A spectral orc (D:6)
142 creatures vanquished.

Vanquished Creatures (others)
  2 plants (D:2)
2 creatures vanquished.

Grand Total: 144 creatures vanquished

Notes
Turn   | Place    | Note
-------+----------+-------------------------------------------
     0 | D:1      | Elmgren the Hill Orc Fighter began the quest for the Orb.
     0 | D:1      | Reached XP level 1. HP: 19/19 MP: 1/1
   203 | D:1      | Reached XP level 2. HP: 26/27 MP: 2/2
   284 | D:1      | Found a faded altar of an unknown god.
   573 | D:1      | Reached XP level 3. HP: 33/33 MP: 3/3
  1620 | D:2      | Reached XP level 4. HP: 36/40 MP: 4/4
  1631 | D:2      | Identified the +1 ring mail of Koabunt {Fly rN+}
  1819 | D:2      | Noticed Terence
  1852 | D:2      | Killed Terence
  2591 | D:2      | Reached XP level 5. HP: 26/47 MP: 5/5
  3146 | D:2      | Identified the +6 dagger of Tuemmo Buago {freeze, rF- rC+
                  | Stlth+}
  3499 | D:2      | Upgraded the game from 0.29-a0-923-g6e406bff71 to
                  | 0.29-a0-925-g0a7a3d12f8
  4393 | D:3      | Noticed an ogre
  4404 | D:3      | Killed an ogre
  4405 | D:3      | Reached skill level 5 in Fighting
  4405 | D:3      | Reached XP level 6. HP: 24/56 MP: 6/6
  7508 | D:4      | Reached skill level 5 in Axes
  7553 | D:4      | Found a staircase to the Ecumenical Temple.
  7569 | D:4      | Reached skill level 5 in Armour
  7621 | Temple   | Entered the Ecumenical Temple
  7796 | Temple   | Became a worshipper of Warmaster Okawaru
  7876 | D:4      | Found a shimmering altar of Xom.
  7885 | D:4      | Reached skill level 5 in Shields
  8019 | D:4      | Noticed a water moccasin
  8039 | D:4      | Killed a water moccasin
  8040 | D:4      | Reached XP level 7. HP: 21/62 MP: 7/7
  9099 | D:5      | Entered Level 5 of the Dungeon
  9812 | D:5      | Noticed Menkaure
  9817 | D:5      | Killed Menkaure
  9817 | D:5      | Reached * piety under Okawaru
  9880 | D:5      | Reached XP level 8. HP: 71/71 MP: 8/8
  9913 | D:5      | Identified the +3 scale mail of Noughts and Crosses {rN+
                  | Will+ Stlth+}
 10345 | D:5      | Reached skill level 1 in Evocations
 10390 | D:5      | Noticed a wyvern
 10406 | D:5      | Killed a wyvern
 11213 | D:6      | Reached ** piety under Okawaru
 11443 | D:5      | HP: 1/73 [orc warrior/+0 dire flail (7)]
 11814 | D:6      | Reached XP level 9. HP: 76/79 MP: 7/9
 11970 | D:6      | Found a shimmering blue altar of Sif Muna.
 12444 | D:6      | Found a basalt altar of Yredelemnul.
 13457 | D:7      | Noticed a troll
 13461 | D:7      | Noticed a boulder beetle
 14004 | D:6      | Slain by a troll

Illustrated notes

Levels and vault maps discovered:
D:1:      psy_arrival_conway, layout_basic, dilly_ecumenical_altar_fadedgnrine,
          nicolae_wormholes
D:2:      layout_basic, serial_forest, infiniplex_forest_corner_1,
          infiniplex_forest_lined_room_3, infiniplex_forest_pool,
          infiniplex_forest_lined_1, infiniplex_forest_straight_4,
          infiniplex_forest_lined_4_way, infiniplex_forest_end_3, uniq_terence
D:3:      layout_loops_cross, nicolae_elevator_lobby_plus
D:4:      layout_cave_pools, old_standard_altar, minmay_temple_entry_offerings,
          kennysheep_generic_room_16
D:5:      layout_rooms, portal_sewer_entry_d, chequers_serial_rivers_large_a,
          uniq_menkaure
D:6:      layout_cave_pools, nicolae_overflow_crystal_walls,
          yredelemnul_forgotten_temple_becter
D:7:      minmay_the_grid_octo_2x2 [minmay_the_grid_octo_clover_2,
          minmay_the_grid_octo_horde, minmay_the_grid_octo_tetromino_candy,
          minmay_the_grid_octo_prize_star], layout_rooms,
          gammafunk_ghost_gnarly_gnolls, enter_bailey_4, grunt_decor_cap,
          dk_noncrumbling_3, minmay_misc_feat_tower
Temple:   minmay_temple_bridge_d

Skill      XL: |  1  2  3  4  5  6  7  8  9 |
---------------+----------------------------+-----
Axes           | 3 4 5 6 7 |  7.9
Fighting       | 4 5 6 7 |  7.7
Armour         | 4 5 6 7 |  7.0
Shields        | 4 5 6 7 |  7.0
Evocations     | 2 3 |  3.2

Action                   |  1- 3 |  4- 6 |  7- 9 || total
-------------------------+-------+-------+-------++-------
Melee: War axe           |   103 |   188 |    97 ||   388
       Battleaxe         |       |       |   102 ||   102
Invok: Heroism           |       |       |     6 ||     6
  Use: Scroll            |     2 |     6 |     3 ||    11
       Potion            |       |       |     1 ||     1
Armor: Scale mail        |    40 |       |       ||    40
       Ring mail         |       |    82 |   112 ||   194
Dodge: Dodged            |    45 |   111 |   163 ||   319
Block: Buckler           |    14 |    45 |    18 ||    77

Table legend: (Time is in decaauts)
 A = Elapsed time spent in this place.
 B = Non-inter-level travel time spent in this place.
 C = Inter-level travel time spent in this place.
 D = Time resting spent in this place.
 E = Time spent auto-exploring this place.
 F = Levels seen in this place.
 G = Mean time per level.
                   A        B        C        D        E       F      G
               +--------+--------+--------+--------+--------+-----+--------+
         Total |  14164 |  14012 |    152 |   8526 |   3935 |   8 | 1770.5 |
       Dungeon |  13970 |  13835 |    135 |   8526 |   3821 |   7 | 1995.7 |
        Temple |    193 |    176 |     17 |      0 |    114 |   1 |  193.0 |
               +--------+--------+--------+--------+--------+-----+--------+

Top non-repeatable levels by time:
     D:3: 3487 daAuts
     D:6: 2633 daAuts
     D:2: 2619 daAuts
     D:4: 2341 daAuts
     D:5: 1767 daAuts
     D:1: 1083 daAuts
  Temple: 193 daAuts
     D:7: 36 daAuts
